Construct Section Command Post
Construct Platoon Command Post
6-pounder Anti-tank Gun Team
6-pounder Anti-tank Gun Team
Selects Australian Defense Battlegroup
Selects CMP 15cwt Supply Run
Selects Reinforced Resource Caches
Construct Company Command Post
Selects Archer Tank Destroyer
Selects Australian Light Infantry Section
Selects Defensive Tactics
Selects Vehicle Over Repair
Unlock Bishop Self-propelled Artillery
Australian Light Infantry Section